 Dungeon Crawl Stone Soup version 0.17-a0-1923-gc35365e (webtiles) character file.

462 musteatbrain the Sneak (level 7, 24/37 HPs)
             Began as a Vine Stalker Assassin on Sept 28, 2015.
             Starved to death
             ... on level 4 of the Dungeon.
             The game lasted 00:07:37 (2869 turns).

musteatbrain the Sneak (Vine Stalker Assassin)      Turns: 2869, Time: 00:07:37

Health: 24/37      AC:  4    Str: 14    XL:     7   Next: 7%
Magic:  8/8        EV: 11    Int: 11    God:
Gold:   163        SH:  0    Dex: 17    Spells: 0 memorised, 6 levels left

rFire  + . .     SeeInvis .     a - +2 dagger
rCold  . . .     Clarity  .     c - +0 robe
rNeg   . . .     SustAt   .     (no shield)
rPois  .         Gourm    .     (no helmet)
rElec  .         Spirit   +     d - +0 cloak
rCorr  .         Warding  .     r - +0 pair of gloves
rMut   .         Stasis   .     (no boots)
MR     .....                    (no amulet)
Stlth  ++++......               v - ring of stealth
                                x - ring of protection from fire

@: fainting, not resistant to hostile enchantments, stealthy
A: fangs 2, regeneration 2, magic shield, antimagic bite, no device heal 3, rot
immunity
a: no special abilities


You were on level 4 of the Dungeon.
You were fainting.

You visited 1 branch of the dungeon, and saw 4 of its levels.

You collected 163 gold pieces.

Inventory:

Hand weapons
 a - a +2 dagger (weapon)
 b - a +0 blowgun
Missiles
 e - 22 poisoned needles
 f - 2 curare-tipped needles
Armour
 c - a +0 robe (worn)
 d - a +0 cloak (worn)
 r - a +0 pair of gloves (worn)
Jewellery
 m - an uncursed ring of protection from cold
 v - a ring of stealth (right hand)
 x - a ring of protection from fire (left hand)
 y - a cursed +2 ring of dexterity {unknown}
Scrolls
 h - a scroll of noise {unknown}
 i - 5 scrolls of identify {unknown}
 t - a scroll of fear {unknown}
 u - a scroll of remove curse {unknown}
 w - a scroll of amnesia {unknown}
 z - a scroll of teleportation {unknown}
Potions
 j - 3 potions of curing {unknown}
 k - 3 potions of magic {unknown}
 l - 2 potions of might {unknown}
 n - a potion of degeneration {unknown}
 o - 2 potions of mutation {unknown}
 p - a potion of brilliance {unknown}
 s - a potion of cure mutation {unknown}
Comestibles
 g - 4 bread rations
 q - a beef jerky
 A - a slice of pizza


   Skills:
 + Level 4.0 Fighting
 * Level 4.9 Short Blades
 - Level 1.7 Throwing
 - Level 0.7 Dodging
 + Level 6.1 Stealth


You had 6 spell levels left.
You didn't know any spells.

Dungeon Overview and Level Annotations

Branches:
Dungeon (4/15)
 Temple: D:4-7

Altars:
Dithmenos


Innate Abilities, Weirdness & Mutations

You have extremely sharp teeth.
You heal very quickly.
When hurt, damage is shared between your health and your magic reserves.
Your bite disrupts and absorbs the magic of your enemies.
Potions and wands cannot restore your health.
You are immune to rotting.


Message History

The hungry ghost is heavily damaged.
The hungry ghost hits you.
You feel slightly more hungry.
You hit the hungry ghost. Your bite misses the hungry ghost.
The hungry ghost is severely damaged.
You hit the hungry ghost.
The hungry ghost is severely damaged.
The hungry ghost closely misses you.
You hit the hungry ghost.
You bite the hungry ghost, but do no damage.
The hungry ghost is severely damaged.
The hungry ghost hits you.
You feel slightly more hungry.
You hit the hungry ghost but do no damage.
Your bite misses the hungry ghost.
The hungry ghost is severely damaged.
The hungry ghost hits you.
You completely miss the hungry ghost. You bite the hungry ghost.
You drain its power.
You feel invigorated.
The hungry ghost is severely damaged.
You have starved to death.
You die...

##......#. ##.......#
.... .... ##......##
#.. #.... . #..##.....
#.. .... ..
##...#..##.# #.# #...
... ###..#.. ##
#.##.##..# ..#
.....###. #.#.#..#
...## .##..# #.
#..W..###.....# .##.##
. ##..@......# ###.##
#. ##..#.#...### # #.)#
#.##..##).#..# # #..#
#....###..#..#
###..###..#..####....##
†##.....# ##..###......
#......## ##..........
#†.....# #...........
#.....## ##...........


You could see a hungry ghost.

Vanquished Creatures
  Grinder (D:3)
  A scorpion (D:4)
  Ijyb (D:3)
  Jessica (D:2)
  A worker ant (D:4)
  5 adders
  A worm (D:2)
  2 giant geckos (D:1)
  4 orcs
  3 ball pythons
  5 bats
  8 giant cockroaches
  2 goblins
  4 hobgoblins
  6 giant newts
  18 jackals
  10 kobolds
  8 rats
  A bush (D:2)
82 creatures vanquished.

Notes
Turn   | Place    | Note
--------------------------------------------------------------
     0 | D:1      | musteatbrain the Vine Stalker Assassin began the quest for the Orb.
     0 | D:1      | Reached XP level 1. HP: 11/11 MP: 2/2
    97 | D:1      | Reached XP level 2. HP: 15/15 MP: 3/3
   222 | D:1      | Reached XP level 3. HP: 19/19 MP: 4/4
   565 | D:2      | Noticed Jessica
   589 | D:2      | Killed Jessica
   589 | D:2      | Reached XP level 4. HP: 9/23 MP: 5/5
   930 | D:2      | Reached skill level 5 in Stealth
  1141 | D:2      | Reached XP level 5. HP: 28/28 MP: 6/6
  1589 | D:3      | Noticed Ijyb
  1631 | D:3      | Killed Ijyb
  1854 | D:3      | Found a shadowy altar of Dithmenos.
  1946 | D:3      | Noticed Grinder
  1953 | D:3      | Killed Grinder
  1953 | D:3      | Gained mutation: You heal very quickly. [Vine Stalker growth]
  1953 | D:3      | Reached XP level 6. HP: 23/33 MP: 7/7
  2514 | D:4      | Reached skill level 6 in Stealth
  2546 | D:4      | Reached XP level 7. HP: 37/37 MP: 8/8
  2817 | D:4      | Noticed a hungry ghost
  2869 | D:4      | Starved to death

Vault maps used:
D:1:      dpeg_arrival_arbitrary_c
D:2:      serial_forest, infiniplex_forest_clump_medium,
          infiniplex_forest_clump_diagonal, infiniplex_forest_straight_2,
          infiniplex_forest_lined_room_2, infiniplex_forest_lined_room_3,
          infiniplex_forest_clump_long, infiniplex_forest_diagonal,
          infiniplex_forest_corner_1, uniq_jessica
D:3:      mumra_celtic_spiral_tile, lemuel_doored_altar, first_bread,
          uniq_grinder, uniq_iyjb
D:4:      serial_shops, shop_fountains, kennysheep_generic_room_10

Action                   |  1- 3 |  4- 6 |  7- 9 || total
-------------------------+-------+-------+-------++-------
Melee: Dagger            |   100 |   329 |    40 ||   469
 Stab: Sleeping          |     8 |    12 |     1 ||    21
  Eat: Chunk             |       |     2 |       ||     2
       Beef jerky        |       |     1 |       ||     1
       Bread ration      |       |     1 |       ||     1
